AoeStats
← jadm9612

Arena

506023637Analyzed
3v3 RM · 22d ago on Sep 12, 2026· 53m 25s· 6 players
Game mode
Random Map
Map size
Normal (6 player)
Population
200
Speed
Normal
Resources
Standard
Victory
Conquest
Starting age
Dark Age
Ending age
Imperial Age
RankedLock teamsTeams togetherTeam positionsShared explorationLock speedFull tech treeHidden civsTurbo modeCheats
Victory
Defeat
🇨🇴 Britons · Colombia
1023
+17
🇦🇺 Celts · Australia
1006
+17
🇧🇾 Turks · Belarus
983
+18
🇨🇴 Cumans · Colombia
1075
-19
🇨🇴 Bohemians · Colombia
1063
-19
🇨🇴 Franks · Colombia
959
-14
Penguins1891
10:17 Feudal Age
14:47 Castle Age
13:27 Double-Bit Axe
14:39 Gold Mining
14:55 Loom
26:07 Wheelbarrow
26:33 Horse Collar
32:23 Imperial Age
29:27 Pikeman
31:14 Scale Mail Armor
31:25 Forging
31:51 Hand Cart
34:38 Onager
37:34 Conscription
38:03 Capped Ram
39:26 Bow Saw
39:46 Chain Mail Armor
41:09 Furor Celtica
41:58 Iron Casting
41:25 Siege Ram
43:22 Heavy Scorpion
44:54 Plate Mail Armor
45:25 Blast Furnace
45:17 Siege Engineers
45:34 Ballistics
45:03 Halberdier
50:18 Chemistry
49:44 Stronghold
jadm9612
10:35 Feudal Age
18:00 Castle Age
16:14 Double-Bit Axe
17:00 Horse Collar
25:43 Scale Mail Armor
27:29 Wheelbarrow
26:42 Town Watch
26:45 Loom
28:38 Padded Archer Armor
28:29 Fletching
29:19 Light Cavalry
30:00 Husbandry
30:24 Ballistics
30:31 Bow Saw
31:01 Gold Mining
31:02 Stone Mining
35:25 Imperial Age
33:14 Hand Cart
32:41 Pikeman
33:22 Squires
33:28 Heavy Plow
33:59 Scale Barding Armor
34:12 Leather Archer Armor
36:52 Yeomen
39:15 Chain Barding Armor
38:51 Bodkin Arrow
40:07 Forging
41:06 Two-Man Saw
40:25 Town Patrol
41:04 Gold Shaft Mining
41:05 Conscription
45:32 Halberdier
46:52 Plate Barding Armor
46:18 Bracer
46:49 Ring Archer Armor
45:48 Elite Longbowman
48:32 Coinage
48:02 Caravan
51:26 Chain Mail Armor
51:46 Iron Casting
Ezer
0:33 Loom
12:28 Feudal Age
16:40 Castle Age
16:06 Double-Bit Axe
16:56 Gold Mining
17:21 Horse Collar
26:18 Padded Archer Armor
41:10 Imperial Age
39:18 Bloodlines
39:37 Ballistics
39:32 Husbandry
40:08 Forging
40:32 Scale Barding Armor
40:51 Fletching
42:15 Gold Shaft Mining
41:49 Heavy Plow
45:26 Wheelbarrow
44:37 Town Watch
47:06 Iron Casting
46:52 Chain Barding Armor
48:09 Hand Cart
48:30 Bow Saw
48:12 Stone Mining
49:34 Blast Furnace
49:53 Plate Barding Armor
49:04 Heavy Camel Rider
51:03 Two-Man Saw
50:22 Masonry
zFox1982
12:32 Feudal Age
16:19 Castle Age
14:14 Horse Collar
14:51 Double-Bit Axe
21:02 Imperial Age
18:51 Fervor
18:31 Loom
24:16 Chemistry
26:58 Bow Saw
26:56 Heavy Plow
30:32 Two-Man Saw
31:48 Padded Archer Armor
37:24 Wheelbarrow
41:17 Conscription
40:18 Elite Hussite Wagon
41:45 Leather Archer Armor
41:46 Fletching
42:20 Hand Cart
43:12 Bodkin Arrow
johnhembert
9:05 Feudal Age
13:05 Double-Bit Axe
22:35 Castle Age
20:23 Loom
22:25 Wheelbarrow
23:47 Forging
23:43 Scale Barding Armor
24:49 Hand Cart
25:28 Gold Mining
25:51 Bow Saw
25:24 Horse Collar
28:30 Iron Casting
28:55 Bloodlines
28:05 Light Cavalry
33:15 Chain Barding Armor
35:23 Fletching
37:31 Heavy Plow
38:53 Gold Shaft Mining
41:03 Imperial Age
38:58 Bodkin Arrow
39:04 Padded Archer Armor
40:11 Steppe Husbandry
40:50 Leather Archer Armor
40:45 Stone Mining
42:16 Conscription
41:57 Cuman Mercenaries
43:51 Blast Furnace
43:26 Plate Barding Armor
42:53 Cavalier
42:54 Hussar
45:05 Hoardings
46:01 Paladin
47:50 Elite Kipchak
53:50 Thumb Ring
williamvasquez83
7:37 Loom
10:46 Feudal Age
11:25 Feudal Age
15:25 Castle Age
15:07 Scale Barding Armor
17:07 Husbandry
17:18 Double-Bit Axe
26:19 Wheelbarrow
26:58 Bow Saw
28:38 Town Watch
29:19 Forging
30:14 Chain Barding Armor
31:41 Iron Casting
37:52 Hand Cart
43:02 Imperial Age
45:07 Blast Furnace
44:43 Plate Barding Armor
43:59 Cavalier
45:19 Chivalry
46:31 Paladin
Connection lost

Rejoining the realm…

Still unreachable

The connection could not be restored.

Session expired

The server has moved on; the page needs a fresh start.